 Dungeon Crawl Stone Soup version 0.19.5 (webtiles) character file.

128 QuCean the Ruffian (level 4, -3/44 HPs)
             Began as a Troll Monk on May 2, 2017.
             Was a Believer of Cheibriados.
             Slain by Eustachio
             ... wielding a +0 vampiric rapier
              (5 damage)
             ... on level 4 of the Dungeon.
             The game lasted 00:16:25 (2065 turns).

QuCean the Ruffian (Troll Monk)                     Turns: 2065, Time: 00:16:25

Health: -3/44      AC:  5    Str: 24    XL:     4   Next: 87%
Magic:  3/3        EV: 11    Int: 10    God:    Cheibriados [**....]
Gold:   121        SH:  0    Dex: 16    Spells: 0 memorised, 3 levels left

rFire  . . .     SeeInvis .       - Unarmed
rCold  . . .     Gourm    +     a - +0 robe
rNeg   . . .     Faith    .     (no shield)
rPois  .         Spirit   .     (helmet restricted)
rElec  .         Reflect  .     (no cloak)
rCorr  .         Harm     .     (gloves unavailable)
MR     .....                    (boots unavailable)
Stlth  +++.......               (no amulet)
                                (no ring)
                                i - ring of stealth

@: very slow
A: unfitting armour, claws 3, fast metabolism 3, gourmand, regeneration 1,
shaggy fur 1, tough skin 2
a: Bend Time, Renounce Religion


You were on level 4 of the Dungeon.
You worshipped Cheibriados.
Cheibriados was pleased with you.
You were not hungry.

You visited 1 branch of the dungeon, and saw 4 of its levels.

You collected 121 gold pieces.

Inventory:

Hand Weapons
 d - a +0 mace
 e - a +0 spear
Armour
 a - a +0 robe (worn)
Jewellery
 i - a ring of stealth (left claw)
 q - an uncursed ring of magical power {unknown}
Scrolls
 h - a scroll of identify {unknown}
 j - a scroll of random uselessness {unknown}
 k - a scroll of remove curse {unknown}
 l - a scroll of recharging {unknown}
 n - a scroll of enchant armour {unknown}
Potions
 f - a potion of cancellation {unknown}
 g - a potion of might {unknown}
 m - 2 potions of brilliance {unknown}
 o - a potion of flight {unknown}
 r - a potion of berserk rage {unknown}
Comestibles
 b - 2 bread rations
 c - 9 fruits
 p - a slice of pizza


   Skills:
 + Level 2.9 Fighting
 + Level 3.2 Dodging
 + Level 1.6 Stealth
 + Level 3.9 Unarmed Combat


You had 3 spell levels left.
You didn't know any spells.

Dungeon Overview and Level Annotations

Branches:
Dungeon (4/15)
 Temple: D:4-7

Altars:
Cheibriados
Nemelex Xobeh

Annotations:
D:4 Eustachio


Innate Abilities, Weirdness & Mutations

You are too large for most types of armour.
You have claws for hands.
Your metabolism is lightning-fast.
You like to eat raw meat.
Your natural rate of healing is unusually fast.
You are covered in fur. (AC +1)
You have very tough skin. (AC +2)


Message History

Eustachio blinks!
The river rat barely misses you. The river rat barely misses you.
The river rat bites you.
* * * LOW HITPOINT WARNING * * *
The river rat barely misses you.
Found a leather armour.
The river rat bites you.
* * * LOW HITPOINT WARNING * * *
The river rat bites you.
* * * LOW HITPOINT WARNING * * *
Eustachio gestures wildly while chanting.
The crimson imp blinks!
The river rat closely misses you.
Eustachio mumbles some strange words.
Eustachio blinks!
You claw Eustachio!
Eustachio is heavily wounded.
The river rat bites you.
* * * LOW HITPOINT WARNING * * *
Eustachio hits you with a vampiric rapier.
You die...

.. ######.... #.#
#.@.....# #.# #@#
... #r# #.# #.#
###.# # #.# ...# #
#5# ######.## #
#.# #.......####
#.#####.####......
#.5...@.......####
########......####


You could see Eustachio, a quasit, a crimson imp and a river rat.

Vanquished Creatures
  The ghost of letownia the Insei, a weakling OpTm (D:4)
  A worker ant (D:4)
  2 adders (D:3)
  A worm (D:3)
  A dart slug (D:2)
  A leopard gecko (D:2)
  An orc (D:3)
  5 bats
  A giant cockroach (D:1)
  7 goblins
  7 hobgoblins
  2 jackals (D:1)
  2 quokkas
  A ball python (D:1)
  3 frilled lizards
  5 kobolds
  2 rats
43 creatures vanquished.

Notes
Turn   | Place    | Note
-------+----------+-------------------------------------------
     0 | D:1      | QuCean the Troll Monk began the quest for the Orb.
     0 | D:1      | Reached XP level 1. HP: 22/22 MP: 0/0
   297 | D:1      | Reached XP level 2. HP: 25/29 MP: 1/1
   879 | D:1      | Reached XP level 3. HP: 30/36 MP: 2/2
  1305 | D:3      | Found a sparkling altar of Nemelex Xobeh.
  1586 | D:3      | Reached XP level 4. HP: 44/44 MP: 3/3
  1659 | D:4      | Found a snail-covered altar of Cheibriados.
  1696 | D:4      | Became a worshipper of Cheibriados the Contemplative
  1696 | D:4      | Reached * piety under Cheibriados
  1696 | D:4      | Reached ** piety under Cheibriados
  1740 | D:4      | Noticed letownia's ghost (weakling OpTm)
  1746 | D:4      | Killed letownia's ghost
  2012 | D:4      | Noticed Eustachio
  2045 | D:4      | HP: 1/44 [ufetubus[Eustachio] (3)]
  2061 | D:4      | HP: 2/44 [river rat[Eustachio] (5)]
  2065 | D:4      | Slain by Eustachio

Skill      XL: |  1  2  3  4 |
---------------+-------------+-----
Dodging        | 3 |  3.2
Fighting       | |  2.9
Stealth        | |  1.6
Unarmed Combat | |  3.9

Action                   |  1- 3 |  4- 6 || total
-------------------------+-------+-------++-------
Melee: Unarmed           |   107 |    14 ||   121
 Stab: Sleeping          |     2 |       ||     2
  Eat: Bread ration      |     2 |       ||     2
       Chunk             |     5 |       ||     5
       Fruit             |     1 |       ||     1
Armor: Robe              |    53 |    25 ||    78
Dodge: Dodged            |    96 |    48 ||   144
